MLB
BOSTON RED SOX @ MONTREAL EXPOS
05/31/2044
 
TOP OF THE 1ST
Boston Red Sox batting - Pitching for Montreal Expos : RHP Jon Turman
Pitching: RHP Jon Turman
Batting: SHB Robbie Rogers 0-0: Ball
1-0: Called Strike
1-1: TRIPLE (Line Drive, 89XD, EV 103.1 MPH)
Batting: SHB Mark Rennie 0-0: Ball
1-0: Called Strike
1-1: Ball
2-1: Ball
3-1: Base on Balls
Batting: SHB Rich Chavez 0-0: Called Strike
Mark Rennie steals 2nd base
0-1: Foul Ball, location: 2F
0-2: Ground out 4-3 (Groundball, 4, EV 78.1 MPH)
Robbie Rogers scores
Mark Rennie to third
Batting: LHB Kevin McCormic Jr. 0-0: Called Strike
0-1: Ball
1-1: Ball
2-1: Foul Ball, location: 2F
2-2: Ground out 6-3 (Groundball, 6D, EV 92.5 MPH)
Mark Rennie scores
Batting: LHB Ernesto Cedillos 0-0: Ball
1-0: Ball
2-0: Foul Ball, location: 2F
2-1: Ground out 5-3 (Groundball, 56, EV 100.0 MPH)
Top of the 1st over - 2 runs, 1 hit, 0 errors, 0 left on base; Boston 2 - Montreal 0
BOTTOM OF THE 1ST
Montreal Expos batting - Pitching for Boston Red Sox : RHP Adam Thomas
Pitching: RHP Adam Thomas
Batting: RHB Robby Juarez 0-0: Swinging Strike
0-1: Ball
1-1: Ground out 6-3 (Groundball, 6, EV 78.8 MPH)
Batting: SHB Pete Barutha 0-0: Fly out, F9 (Flyball, 89S, EV 89.4 MPH)
Batting: RHB Mike Salmon 0-0: Ball
1-0: Ball
2-0: Called Strike
2-1: Foul Ball, location: 2F
2-2: Foul Ball, location: 2F
2-2: Ground out 3-1 (Groundball, 34, EV 103.8 MPH)
Bottom of the 1st over - 0 runs, 0 hits, 0 errors, 0 left on base; Boston 2 - Montreal 0
TOP OF THE 2ND
Boston Red Sox batting - Pitching for Montreal Expos : RHP Jon Turman
Batting: LHB Shoichi Aso 0-0: Swinging Strike
0-1: Ball
1-1: Called Strike
1-2: Strikes out swinging
Batting: SHB Greg Prime 0-0: Called Strike
0-1: Foul Ball, location: 2F
0-2: Ball
1-2: Strikes out swinging
Batting: RHB Won-jun Park 0-0: Called Strike
0-1: Fly out, F6 (Popup, 4M, EV 59.4 MPH)
Top of the 2nd over - 0 runs, 0 hits, 0 errors, 0 left on base; Boston 2 - Montreal 0
BOTTOM OF THE 2ND
Montreal Expos batting - Pitching for Boston Red Sox : RHP Adam Thomas
Batting: RHB Hugo Bautista 0-0: Called Strike
0-1: Ground out 6-3 (Groundball, 56, EV 93.8 MPH)
Batting: LHB Jimmy Buscemi 0-0: Ball
1-0: Ball
2-0: Called Strike
2-1: Foul Ball, location: 2F
2-2: Strikes out swinging
Batting: RHB Martin Chavez 0-0: Ball
1-0: Ball
2-0: Called Strike
2-1: Ball
3-1: Foul Ball, location: 2F
3-2: Base on Balls
Batting: RHB John Ham 0-0: Ball
1-0: Called Strike
1-1: Called Strike
1-2: SINGLE (Groundball, 3D, EV 98.8 MPH)
Martin Chavez to second
Runner from 2nd tries for 3rd, SAFE, throw by RF made to third
Batting: SHB Hans Mikkelsen 0-0: Ball
1-0: Called Strike
Pickoff Throw to First - Error! E1
Martin Chavez scores
John Ham to second
1-1: Swinging Strike
1-2: Strikes out swinging
Bottom of the 2nd over - 1 run, 1 hit, 1 error, 1 left on base; Boston 2 - Montreal 1
TOP OF THE 3RD
Boston Red Sox batting - Pitching for Montreal Expos : RHP Jon Turman
Batting: SHB Brace Harper 0-0: Ground out 4-3 (Groundball, 34, EV 86.9 MPH)
Batting: SHB Robbie Rogers 0-0: TRIPLE (Line Drive, 89XD, EV 100.6 MPH)
Batting: SHB Mark Rennie 0-0: Ball
1-0: Foul Ball, location: 2F
1-1: Swinging Strike
1-2: Ball
2-2: Ball
3-2: DOUBLE (Groundball, 3L, EV 101.9 MPH)
Robbie Rogers scores
Batting: SHB Rich Chavez 0-0: Ball
1-0: Called Strike
1-1: 2-RUN HOME RUN (Flyball, 9D, EV 99.4 MPH), Distance : 369 ft
Batting: LHB Kevin McCormic Jr. 0-0: Foul Ball, location: 2F
0-1: Ball
1-1: Ground out 1-3 (Groundball, 13, EV 73.1 MPH)
Batting: LHB Ernesto Cedillos 0-0: Ball
1-0: Foul Ball, location: 2F
1-1: Swinging Strike
1-2: Ball
2-2: Foul Ball, location: 2F
2-2: Foul Ball, location: 2F
2-2: SINGLE (Line Drive, 89M, EV 88.1 MPH)
Batting: LHB Shoichi Aso 0-0: Ball
1-0: SINGLE (Line Drive, 89M, EV 111.9 MPH)
Ernesto Cedillos to second
Pitching: RHP Joel Beggs
Batting: SHB Greg Prime 0-0: Swinging Strike
0-1: Foul Ball, location: 2F
0-2: Strikes out looking
Top of the 3rd over - 3 runs, 5 hits, 0 errors, 2 left on base; Boston 5 - Montreal 1
BOTTOM OF THE 3RD
Montreal Expos batting - Pitching for Boston Red Sox : RHP Adam Thomas
Batting: RHB Jesse Basich 0-0: Ground out 6-3 (Groundball, 56, EV 78.8 MPH)
Batting: RHB Robby Juarez 0-0: Ball
1-0: Called Strike
1-1: SOLO HOME RUN (Flyball, 78XD, EV 107.5 MPH), Distance : 416 ft
Batting: SHB Pete Barutha 0-0: Foul Ball, location: 2F
0-1: Called Strike
0-2: Ball
1-2: Foul Ball, location: 2F
1-2: Ground out 6-3 (Groundball, 4, EV 99.4 MPH)
Batting: RHB Mike Salmon 0-0: Ball
1-0: Ball
2-0: Called Strike
2-1: SINGLE (Groundball, 6MD, EV 99.4 MPH)
Batting: RHB Hugo Bautista 0-0: Foul Ball, location: 2F
0-1: Ball
1-1: Ball
2-1: Foul Ball, location: 2F
2-2: Ball
3-2: Base on Balls
Mike Salmon to second
Batting: LHB Jimmy Buscemi 0-0: Fly out, F7 (Flyball, 7D, EV 101.9 MPH)
Bottom of the 3rd over - 1 run, 2 hits, 0 errors, 2 left on base; Boston 5 - Montreal 2
TOP OF THE 4TH
Boston Red Sox batting - Pitching for Montreal Expos : RHP Joel Beggs
Batting: RHB Won-jun Park 0-0: Called Strike
0-1: Called Strike
0-2: Ball
1-2: SOLO HOME RUN (Flyball, 9D, EV 94.4 MPH), Distance : 359 ft
Batting: SHB Brace Harper 0-0: Ball
1-0: Called Strike
1-1: Ball
2-1: Ground out U3 (Groundball, 3L, EV 82.5 MPH)
Batting: SHB Robbie Rogers 0-0: SINGLE (Groundball, 34D, EV 103.8 MPH) (infield hit)
Batting: SHB Mark Rennie 0-0: Ball
Robbie Rogers steals 2nd base (no throw)
1-0: Ball
2-0: Ball
3-0: Base on Balls
Batting: SHB Rich Chavez 0-0: Ball
1-0: Ball
2-0: Foul Ball, location: 2F
2-1: Called Strike
Robbie Rogers steals 3rd base (no throw)
Mark Rennie to second
2-2: Ball
3-2: Foul Ball, location: 2F
3-2: Ground out U3 (Groundball, 3L, EV 103.1 MPH)
Batting: LHB Kevin McCormic Jr. 0-0: Called Strike
0-1: Called Strike
0-2: Ball
1-2: Strikes out swinging
Top of the 4th over - 1 run, 2 hits, 0 errors, 2 left on base; Boston 6 - Montreal 2
BOTTOM OF THE 4TH
Montreal Expos batting - Pitching for Boston Red Sox : RHP Adam Thomas
Batting: RHB Martin Chavez 0-0: Called Strike
0-1: Swinging Strike
0-2: Strikes out swinging
Batting: RHB John Ham 0-0: Called Strike
0-1: Foul Ball, location: 2F
0-2: Foul Ball, location: 2F
0-2: Ball
1-2: Ball
2-2: Strikes out looking
Batting: SHB Hans Mikkelsen 0-0: Ball
1-0: Foul Ball, location: 2F
1-1: Foul Ball, location: 2F
1-2: Strikes out swinging
Bottom of the 4th over - 0 runs, 0 hits, 0 errors, 0 left on base; Boston 6 - Montreal 2
TOP OF THE 5TH
Boston Red Sox batting - Pitching for Montreal Expos : RHP Joel Beggs
Batting: LHB Ernesto Cedillos 0-0: Ground out U3 (Groundball, 3, EV 81.2 MPH)
Batting: LHB Shoichi Aso 0-0: Ball
1-0: Fly out, F8 (Flyball, 8LXD, EV 80.6 MPH)
Batting: SHB Greg Prime 0-0: Ball
1-0: Called Strike
1-1: Ground out 4-3 (Groundball, 4, EV 91.2 MPH)
Top of the 5th over - 0 runs, 0 hits, 0 errors, 0 left on base; Boston 6 - Montreal 2
BOTTOM OF THE 5TH
Montreal Expos batting - Pitching for Boston Red Sox : RHP Adam Thomas
Batting: RHB Jesse Basich 0-0: Foul Ball, location: 2F
0-1: Swinging Strike
0-2: Foul Ball, location: 2F
0-2: Ball
1-2: Foul Ball, location: 2F
1-2: Ball
2-2: Strikes out looking
Batting: RHB Robby Juarez 0-0: Ball
1-0: Reached on error, E1 (Groundball, 15S, EV 66.2 MPH)
Batting: SHB Pete Barutha 0-0: Ball
1-0: Foul Ball, location: 2F
1-1: Ball
2-1: DOUBLE (Flyball, 78D, EV 99.4 MPH)
Robby Juarez scores
Batting: RHB Mike Salmon 0-0: Ball
1-0: Foul Ball, location: 2F
1-1: Fly out, F8 (Line Drive, 89M, EV 103.8 MPH)
Batting: RHB Hugo Bautista 0-0: Fly out, F5 (Popup, 25, EV 85.0 MPH)
Bottom of the 5th over - 1 run, 1 hit, 1 error, 1 left on base; Boston 6 - Montreal 3
TOP OF THE 6TH
Boston Red Sox batting - Pitching for Montreal Expos : RHP Joel Beggs
Batting: RHB Won-jun Park 0-0: Ball
1-0: Called Strike
1-1: Foul Ball, location: 2F
1-2: Ball
2-2: Strikes out swinging
Batting: SHB Brace Harper 0-0: Fly out, F9 (Flyball, 89S, EV 91.9 MPH)
Batting: SHB Robbie Rogers 0-0: Called Strike
0-1: SINGLE (Line Drive, 34D, EV 95.6 MPH)
Batting: SHB Mark Rennie 0-0: Called Strike
Robbie Rogers steals 2nd base (no throw)
0-1: Ball
1-1: Called Strike
1-2: Ball
2-2: Foul Ball, location: 2F
2-2: DOUBLE (Groundball, 3L, EV 108.8 MPH)
Robbie Rogers scores
Batting: SHB Rich Chavez 0-0: Swinging Strike
0-1: Ball
1-1: Called Strike
1-2: Strikes out swinging
Top of the 6th over - 1 run, 2 hits, 0 errors, 1 left on base; Boston 7 - Montreal 3
BOTTOM OF THE 6TH
Montreal Expos batting - Pitching for Boston Red Sox : RHP Adam Thomas
Batting: LHB Jimmy Buscemi 0-0: Ball
1-0: Called Strike
1-1: Called Strike
1-2: Ground out 6-3 (Groundball, 4, EV 94.4 MPH)
Batting: RHB Martin Chavez 0-0: Ball
1-0: Foul Ball, location: 2F
1-1: Foul Ball, location: 2F
1-2: Foul Ball, location: 2F
1-2: SINGLE (Line Drive, 89S, EV 90.6 MPH)
Batting: RHB John Ham 0-0: Called Strike
0-1: Foul Ball, location: 2F
0-2: Strikes out looking
Batting: SHB Hans Mikkelsen 0-0: Foul Ball, location: 2F
0-1: Ball
1-1: Ball
2-1: Ball
3-1: Base on Balls
Martin Chavez to second
Pitching: LHP Mike Nimmo
Batting: RHB Jesse Basich 0-0: Swinging Strike
0-1: Ball
1-1: Called Strike
1-2: Ball
2-2: Foul Ball, location: 2F
2-2: Foul Ball, location: 2F
2-2: Strikes out swinging
Bottom of the 6th over - 0 runs, 1 hit, 0 errors, 2 left on base; Boston 7 - Montreal 3
TOP OF THE 7TH
Boston Red Sox batting - Pitching for Montreal Expos : RHP Joel Beggs
Pitching: LHP Danny Lawson
Batting: LHB Kevin McCormic Jr. 0-0: Called Strike
0-1: Ball
1-1: Foul Ball, location: 2F
1-2: Ball
2-2: Fly out, F9 (Flyball, 9D, EV 101.2 MPH)
Batting: LHB Ernesto Cedillos 0-0: Ball
1-0: Ball
2-0: Called Strike
2-1: Fly out, F7 (Flyball, 7D, EV 103.8 MPH)
Batting: LHB Shoichi Aso 0-0: SOLO HOME RUN (Flyball, 9D, EV 98.1 MPH), Distance : 380 ft
Batting: SHB Greg Prime 0-0: Swinging Strike
0-1: Called Strike
0-2: Ground out 5-3 (Groundball, 5, EV 101.2 MPH)
Top of the 7th over - 1 run, 1 hit, 0 errors, 0 left on base; Boston 8 - Montreal 3
BOTTOM OF THE 7TH
Montreal Expos batting - Pitching for Boston Red Sox : LHP Mike Nimmo
Batting: RHB Robby Juarez 0-0: Called Strike
0-1: Ball
1-1: Ground out 4-3 (Groundball, 4, EV 78.8 MPH)
Batting: SHB Pete Barutha 0-0: Called Strike
0-1: Swinging Strike
0-2: Ball
1-2: SOLO HOME RUN (Flyball, 9LD, EV 90.6 MPH), Distance : 334 ft
Batting: RHB Mike Salmon 0-0: Called Strike
0-1: SINGLE (Line Drive, 8RS, EV 96.9 MPH)
Batting: RHB Hugo Bautista 0-0: Ball
1-0: Foul Ball, location: 2F
1-1: Ball
2-1: Foul Ball, location: 2F
2-2: Strikes out looking
Pinch Hitting: SHB Bran Stark 0-0: Called Strike
0-1: Called Strike
Mike Salmon steals 2nd base (no throw)
0-2: Ground out 6-3 (Groundball, 56, EV 83.1 MPH)
Bottom of the 7th over - 1 run, 2 hits, 0 errors, 1 left on base; Boston 8 - Montreal 4
TOP OF THE 8TH
Boston Red Sox batting - Pitching for Montreal Expos : LHP Danny Lawson
Now at 1B: Steve Anderson
Batting: RHB Won-jun Park 0-0: Fly out, F7 (Flyball, 7LS, EV 96.9 MPH)
Batting: SHB Brace Harper 0-0: Called Strike
0-1: Swinging Strike
0-2: Foul Ball, location: 2F
0-2: Fly out, F8 (Flyball, 8LM, EV 88.1 MPH)
Batting: SHB Robbie Rogers 0-0: Foul Ball, location: 2F
0-1: Called Strike
0-2: Ground out 5-3 (Groundball, 56, EV 105.0 MPH)
Top of the 8th over - 0 runs, 0 hits, 0 errors, 0 left on base; Boston 8 - Montreal 4
BOTTOM OF THE 8TH
Montreal Expos batting - Pitching for Boston Red Sox : LHP Mike Nimmo
Pitching: RHP Danny Klomp
Now in CF: Nick Esteves
Now in RF: Shoichi Aso
Batting: RHB Martin Chavez 0-0: Called Strike
0-1: Ball
1-1: Foul Ball, location: 2F
1-2: Strikes out looking
Batting: RHB John Ham 0-0: Ball
1-0: Swinging Strike
1-1: Foul Ball, location: 2F
1-2: Strikes out looking
Batting: SHB Hans Mikkelsen 0-0: Ball
1-0: Called Strike
1-1: Foul Ball, location: 2F
1-2: Strikes out swinging
Bottom of the 8th over - 0 runs, 0 hits, 0 errors, 0 left on base; Boston 8 - Montreal 4
TOP OF THE 9TH
Boston Red Sox batting - Pitching for Montreal Expos : LHP Danny Lawson
Batting: SHB Mark Rennie 0-0: Ball
1-0: Ball
2-0: Swinging Strike
2-1: Ball
3-1: Called Strike
3-2: Strikes out swinging
Batting: SHB Rich Chavez 0-0: Swinging Strike
0-1: Swinging Strike
0-2: Strikes out swinging
Batting: RHB Nick Esteves 0-0: Ball
1-0: Foul Ball, location: 2F
1-1: Ball
2-1: Ground out 4-3 (Groundball, 4, EV 76.9 MPH)
Top of the 9th over - 0 runs, 0 hits, 0 errors, 0 left on base; Boston 8 - Montreal 4
BOTTOM OF THE 9TH
Montreal Expos batting - Pitching for Boston Red Sox : RHP Danny Klomp
Batting: RHB Jesse Basich 0-0: Ball
1-0: Swinging Strike
1-1: Called Strike
1-2: Ball
2-2: Strikes out swinging
Batting: RHB Robby Juarez 0-0: Hit by Pitch
Batting: SHB Pete Barutha 0-0: Ball
1-0: Called Strike
1-1: DOUBLE (Line Drive, 3D, EV 104.4 MPH)
Robby Juarez to third
Pitching: RHP Max Blankenship
Batting: RHB Mike Salmon 0-0: Swinging Strike
0-1: Ball
1-1: Foul Ball, location: 2F
1-2: Fly out, F9 (Flyball, 9, EV 86.9 MPH)
Runner from 3rd tags up, SCORES, no throw by RF
Batting: RHB Hugo Bautista 0-0: Ball
1-0: Swinging Strike
1-1: Ball
2-1: Foul Ball, location: 2F
2-2: Ball
3-2: Foul Ball, location: 2F
3-2: Strikes out swinging
Bottom of the 9th over - 1 run, 1 hit, 0 errors, 1 left on base; Boston 8 - Montreal 5
Thursday, March 31st , 2022 - OOTP Baseball 22.12 Build 89